[Event "Titled Tuesday Blitz July 18 Late 2023"]
[White "Volovich, Vasily"]
[Black "Poltorak, Sebastian"]
[WhiteFideId "34169676"]
[BlackFideId "1199498"]
[WhiteElo "2713"]
[BlackElo "2510"]
[Result "0-1"]
[Round "2"]
[TimeControl "180+2"]
[Date "2023.07.18"]
[WhiteClock "0:00:00"]
[BlackClock "0:00:17"]
[Board "59"]

1. e4 Nc6 2. Nf3 f5 3. exf5 d5 4. d4 Bxf5 5. c3 Qd6 6. Bd3 Bg4 7. Nbd2 O-O-O 8. h3 Bh5 9. b4 e5 10. b5 e4 11. bxc6 exd3 12. cxb7+ Kb8 13. Nb3 Re8+ 14. Be3 Rxe3+ 15. fxe3 Qg3+ 16. Kf1 Nf6 17. Qe1 Ne4 18. Qxg3 Nxg3+ 19. Kf2 Nxh1+ 20. Rxh1 Bd6 21. Na5 Rf8 22. Rb1 Be8 23. Ke1 g5 24. Kd2 h5 25. Nxg5 Rf2+ 26. Kxd3 Rxg2 27. h4 Rxa2 28. Nb3 Bb5+ 29. c4 dxc4+ 30. Ke4 cxb3 31. Rxb3 Bc6+ 32. Kf5 Ra5+ 33. Kg6 Rb5 34. Rc3 Bxb7 35. Kxh5 a5 36. Kg6 Be7 37. Rc1 a4 38. e4 Bxg5 39. hxg5 Bxe4+ 40. Kh6 a3 41. g6 Rb6 42. Ra1 Rxg6+ 43. Kh5 Ra6 44. Kg5 a2 45. Kf4 Bd5 46. Ke5 c6 47. Kd6 Rb6 48. Kc5 Rb1 0-1


[Site "https://www.chess.com"]

[Event "Titled Tuesday Blitz July 18 Late 2023"]
[White "Haydon, David L"]
[Black "Mattheii"]
[WhiteFideId "415405"]
[WhiteElo "2708"]
[BlackElo "2510"]
[Result "1/2-1/2"]
[Round "2"]
[TimeControl "180+2"]
[Date "2023.07.18"]
[WhiteClock "0:00:58"]
[BlackClock "0:00:08"]
[Board "60"]

1. d4 Nf6 2. Nc3 d5 3. Bf4 a6 4. e3 b5 5. Nf3 Bb7 6. Ne5 e6 7. Bd3 c5 8. dxc5 Bxc5 9. O-O O-O 10. Qf3 Nbd7 11. Qh3 Nxe5 12. Bxe5 h6 13. Rad1 Bd6 14. Bxd6 Qxd6 15. a4 b4 16. Ne2 a5 17. Nd4 Rfc8 18. Nb5 Qe5 19. b3 Ba6 20. Qg3 Nd7 21. f4 Qf6 22. f5 e5 23. e4 d4 24. Rfe1 Nc5 25. Bc4 Nxa4 26. Ra1 Bxb5 27. Bxb5 Nc3 28. Bd3 a4 29. bxa4 Rxa4 30. Rxa4 Nxa4 31. Ra1 Nc5 32. Rb1 Rb8 33. h3 b3 34. cxb3 Rxb3 35. Rxb3 Nxb3 36. Bc4 Nc5 37. Bd5 Qg5 38. Qxe5 Qe3+ 39. Kh2 Nd3 40. Qb8+ Kh7 41. Bxf7 Qf4+ 42. Qxf4 Nxf4 43. e5 d3 44. Bb3 d2 45. g3 Nd5 46. Kg1 Ne3 47. e6 Nxf5 48. g4 Ne7 49. Kf2 Kg6 50. Ke3 Kf6 51. Kxd2 Nc6 52. Ke3 Nd8 53. Kf4 Nxe6+ 54. Bxe6 Kxe6 55. g5 h5 56. Ke4 g6 57. h4 Kd6 58. Kd4 Ke6 59. Ke4 Kd6 60. Kd4 Ke6 61. Ke4 1/2-1/2


[Site "https://www.chess.com"]

[Event "Titled Tuesday Blitz July 18 Late 2023"]
[White "Haszon, David"]
[Black "Kushko, Dmitriy"]
[WhiteFideId "733610"]
[BlackFideId "14162261"]
[WhiteElo "2509"]
[BlackElo "2708"]
[Result "1-0"]
[Round "2"]
[TimeControl "180+2"]
[Date "2023.07.18"]
[WhiteClock "0:00:33"]
[BlackClock "0:00:00"]
[Board "61"]

1. d4 g6 2. Nc3 Bg7 3. e4 d6 4. Bf4 a6 5. a4 Nc6 6. Nge2 Nf6 7. Qd2 O-O 8. Bh6 e5 9. Bxg7 Kxg7 10. O-O-O b5 11. dxe5 Nxe5 12. f4 Nc4 13. Qd3 c5 14. e5 Ng4 15. Qf3 Bd7 16. h3 Nge3 17. Rd3 Nxf1 18. Rxf1 bxa4 19. exd6 Qb6 20. Nd1 Rab8 21. b3 axb3 22. Rxb3 Qa5 23. Qc3+ Qxc3 24. Ndxc3 Bc6 25. Rf2 Rxb3 26. cxb3 Nxd6 27. g4 Rb8 28. Kc2 Bd7 29. Nc1 Be6 30. Rd2 Nb5 31. Nxb5 axb5 32. Rf2 c4 33. f5 gxf5 34. gxf5 Bd5 35. Rd2 Be4+ 36. Kc3 Bxf5 37. bxc4 bxc4 38. Ne2 Rc8 39. h4 Kf6 40. Nf4 Ke5 41. Nh5 1-0


[Site "https://www.chess.com"]

[Event "Titled Tuesday Blitz July 18 Late 2023"]
[White "Khandelwal, Ankush"]
[Black "Smirnov, Pavel"]
[WhiteFideId "413470"]
[BlackFideId "4123425"]
[WhiteElo "2508"]
[BlackElo "2707"]
[Result "0-1"]
[Round "2"]
[TimeControl "180+2"]
[Date "2023.07.18"]
[WhiteClock "0:00:00"]
[BlackClock "0:00:56"]
[Board "62"]

1. e4 e5 2. Nf3 Nc6 3. Bc4 Nf6 4. d3 Bc5 5. c3 O-O 6. O-O a6 7. d4 Ba7 8. dxe5 Nxe4 9. Bd5 Nc5 10. Bg5 Qe8 11. Re1 Ne6 12. Be3 Bxe3 13. Rxe3 Qe7 14. Nbd2 Nf4 15. Be4 d5 16. exd6 Qxd6 17. Nc4 Qh6 18. Nce5 Nxe5 19. Nxe5 Qg5 20. Qc2 g6 21. Nd3 Nh5 22. Rae1 Rb8 23. Bf3 Ng7 24. Re5 Bf5 25. Qb3 Qf6 26. Nc5 b5 27. h3 Rb6 28. Bd5 h5 29. Re7 Ne6 30. Nxe6 Qxe7 31. Nxf8 Qxe1+ 32. Kh2 Kxf8 33. Bxf7 Qe5+ 0-1


[Site "https://www.chess.com"]

[Event "Titled Tuesday Blitz July 18 Late 2023"]
[White "Dimitrov, Atanas"]
[Black "Berezin, Viktor"]
[WhiteFideId "2901315"]
[BlackFideId "14107872"]
[WhiteElo "2706"]
[BlackElo "2506"]
[Result "1/2-1/2"]
[Round "2"]
[TimeControl "180+2"]
[Date "2023.07.18"]
[WhiteClock "0:00:19"]
[BlackClock "0:00:21"]
[Board "63"]

1. Nf3 Nf6 2. c4 g6 3. g3 Bg7 4. Bg2 O-O 5. O-O d6 6. Nc3 Nc6 7. b3 Nh5 8. Bb2 f5 9. e3 e5 10. d3 f4 11. exf4 exf4 12. Qd2 Bg4 13. Nd5 Qd7 14. Bxg7 Qxg7 15. Rae1 fxg3 16. fxg3 Rae8 17. Rxe8 Rxe8 18. Re1 Rf8 19. Ng5 Ne5 20. Qe3 h6 21. d4 Nc6 22. Ne6 Bxe6 23. Qxe6+ Kh7 24. Kh1 Nxd4 25. Qe4 Nf5 26. Qd3 c6 27. Nc3 Nf6 28. Ne4 Ng4 29. h3 Ne5 30. Qd2 Nf7 31. Kh2 Rd8 32. Nc3 Rd7 33. b4 Ne5 34. Re4 Rf7 35. b5 Qf6 36. bxc6 bxc6 37. Rf4 Qg5 38. Ne4 Qe7 39. Nc3 Qg5 40. Ne4 Qe7 41. Nc3 Qg5 1/2-1/2


[Site "https://www.chess.com"]

[Event "Titled Tuesday Blitz July 18 Late 2023"]
[White "Mackster23"]
[Black "Darini, Pouria"]
[BlackFideId "12502200"]
[WhiteElo "2489"]
[BlackElo "2705"]
[Result "0-1"]
[Round "2"]
[TimeControl "180+2"]
[Date "2023.07.18"]
[WhiteClock "0:00:21"]
[BlackClock "0:00:59"]
[Board "64"]

1. e4 c5 2. Nc3 Nc6 3. Nge2 d6 4. g3 g6 5. Bg2 Bg7 6. O-O Rb8 7. a4 a6 8. d3 Bd7 9. Be3 Nd4 10. Qd2 h5 11. Nd1 h4 12. Bxd4 cxd4 13. c3 hxg3 14. fxg3 dxc3 15. bxc3 Nf6 16. d4 Bh3 17. Bxh3 Rxh3 18. Nf4 Rh7 19. Qe2 e5 20. Nd5 Nxd5 21. exd5 Qe7 22. Qg4 Rh6 23. Nf2 f5 24. Qf3 e4 25. Qf4 Kd7 26. Rab1 Rh7 27. Rb6 Bh6 28. Rfb1 Bxf4 29. Rxb7+ Rxb7 30. Rxb7+ Kd8 31. Rxe7 Kxe7 32. gxf4 Rh4 33. c4 Rxf4 34. Nh3 Rf3 35. Ng5 Rc3 0-1


[Site "https://www.chess.com"]

[Event "Titled Tuesday Blitz July 18 Late 2023"]
[White "Wieczorek, Oskar"]
[Black "Kleiman, Jake"]
[WhiteFideId "1133950"]
[BlackFideId "2020041"]
[WhiteElo "2702"]
[BlackElo "2476"]
[Result "1-0"]
[Round "2"]
[TimeControl "180+2"]
[Date "2023.07.18"]
[WhiteClock "0:00:03"]
[BlackClock "0:00:11"]
[Board "65"]

1. Nf3 Nf6 2. b3 e6 3. Bb2 d5 4. g3 Be7 5. Bg2 O-O 6. O-O b6 7. c4 Bb7 8. e3 dxc4 9. bxc4 c5 10. d3 Nc6 11. Qe2 Qc7 12. Nc3 Rad8 13. Rad1 Rd7 14. Ng5 Rfd8 15. f4 Nb4 16. Bxb7 Qxb7 17. d4 h6 18. Nf3 cxd4 19. exd4 Nc6 20. Ne4 Nxe4 21. Qxe4 Na5 22. Qe2 Rc7 23. Rc1 Rdc8 24. Ne5 Bd6 25. f5 Bxe5 26. dxe5 exf5 27. e6 Qc6 28. Rxf5 Qxe6 29. Re5 Qg6 30. Re1 Nxc4 31. Re8+ Rxe8 32. Qxe8+ Kh7 33. Bd4 Nd6 34. Qd8 Nb5 35. Re8 Qb1+ 36. Kg2 Rc2+ 37. Bf2 Qb2 38. Rh8+ Kg6 39. Qd3+ f5 40. Qf3 Nd4 41. Qf4 Qc3 42. Qd6+ Kf7 43. Qd7+ Kg6 44. Qd6+ Kh5 45. Qf4 g5 46. g4+ fxg4 47. Qf7# 1-0


[Site "https://www.chess.com"]

[Event "Titled Tuesday Blitz July 18 Late 2023"]
[White "Pein, Jonathan"]
[Black "Quintiliano Pinto, Renato R."]
[WhiteFideId "417092"]
[BlackFideId "2117568"]
[WhiteElo "2447"]
[BlackElo "2699"]
[Result "0-1"]
[Round "2"]
[TimeControl "180+2"]
[Date "2023.07.18"]
[WhiteClock "0:00:05"]
[BlackClock "0:00:41"]
[Board "66"]

1. e4 e5 2. Nf3 Nc6 3. Nc3 Nf6 4. g3 Bb4 5. d3 O-O 6. Bg2 d5 7. exd5 Nxd5 8. Bd2 Be6 9. O-O h6 10. Re1 Nxc3 11. bxc3 Bd6 12. Rb1 Rb8 13. c4 Re8 14. Bc3 Bg4 15. Qc1 Qd7 16. Nd2 Bh3 17. Bh1 f5 18. Rb5 a6 19. Rb3 Bc5 20. Bd5+ Kh7 21. Nf3 e4 22. dxe4 fxe4 23. Ng5+ hxg5 24. Qxg5 Qg4 25. Qxg4 Bxg4 26. Rxe4 Bf5 27. Rxe8 Rxe8 28. Rxb7 Nd4 29. Bxd4 Bxd4 30. Rxc7 Bh3 31. Re7 Rxe7 32. Be4+ Rxe4 33. g4 Re1# 0-1


[Site "https://www.chess.com"]

[Event "Titled Tuesday Blitz July 18 Late 2023"]
[White "NLLO777"]
[Black "Papp, Levente"]
[BlackFideId "751243"]
[WhiteElo "2441"]
[BlackElo "2698"]
[Result "0-1"]
[Round "2"]
[TimeControl "180+2"]
[Date "2023.07.18"]
[WhiteClock "0:00:00"]
[BlackClock "0:00:21"]
[Board "67"]

1. d4 e6 2. c4 b6 3. Nc3 Bb7 4. e4 Bb4 5. Bd3 c5 6. d5 d6 7. Nf3 Nd7 8. Bd2 Bxc3 9. Bxc3 e5 10. O-O Ne7 11. Nh4 Ng6 12. Nf5 Qf6 13. f4 O-O-O 14. a4 a5 15. Qh5 Kc7 16. Bc2 Rdg8 17. fxe5 Ngxe5 18. Nd4 Qe7 19. Nb5+ Kb8 20. b3 Ba6 21. Rf2 Bxb5 22. axb5 f6 23. Bd1 Nf7 24. Qe2 Re8 25. Bc2 Kb7 26. Rff1 h5 27. Rfe1 h4 28. h3 Nfe5 29. Qd2 Ra8 30. Ra2 g5 31. Rea1 g4 32. Bxa5 gxh3 33. Bc3 hxg2 34. Rxa8 Rxa8 35. Qf2 Rxa1+ 36. Bxa1 h3 37. Qg3 Qh7 38. Kh2 Qh5 39. Bc3 Nf3+ 40. Qxf3 Qxf3 0-1


[Site "https://www.chess.com"]

[Event "Titled Tuesday Blitz July 18 Late 2023"]
[White "Rastbod, Ali"]
[Black "Lima, Kleyton Alcantara"]
[WhiteFideId "12567477"]
[BlackFideId "22718397"]
[WhiteElo "2692"]
[BlackElo "2431"]
[Result "1-0"]
[Round "2"]
[TimeControl "180+2"]
[Date "2023.07.18"]
[WhiteClock "0:00:24"]
[BlackClock "0:00:39"]
[Board "68"]

1. Nf3 c5 2. b3 Nf6 3. Bb2 g6 4. c4 Bg7 5. g3 b6 6. Bg2 Bb7 7. O-O O-O 8. d4 cxd4 9. Qxd4 d6 10. Nc3 Nbd7 11. Rac1 Rc8 12. Rfd1 a6 13. Qh4 Nc5 14. Nd5 Bxd5 15. cxd5 h6 16. Qf4 Qd7 17. Nd4 e5 18. dxe6 Nxe6 19. Qd2 Nxd4 20. Bxd4 Rxc1 21. Rxc1 Rc8 22. Rxc8+ Qxc8 23. Bxb6 d5 24. Bd4 Qc7 25. b4 h5 26. a4 Qc4 27. Bxf6 Bxf6 28. Bxd5 Qc7 29. Kg2 Qd7 30. Qd3 Kg7 31. a5 Qd6 32. b5 axb5 33. Qxb5 h4 34. a6 Bd4 35. e3 Bb6 36. Qc4 Qd7 37. gxh4 Ba7 38. Bf3 Qe7 39. Qg4 Kh7 40. h5 Bb8 41. hxg6+ fxg6 42. Be4 Qd6 43. Qxg6+ Qxg6+ 44. Bxg6+ Kxg6 45. h4 Kh5 46. Kh3 Ba7 47. Kg3 Bb8+ 48. f4 Ba7 49. e4 Bb8 50. e5 1-0


[Site "https://www.chess.com"]

[Event "Titled Tuesday Blitz July 18 Late 2023"]
[White "Diano, Eden"]
[Black "Shuvalova, Polina"]
[WhiteFideId "5203708"]
[BlackFideId "24171760"]
[WhiteElo "2427"]
[BlackElo "2684"]
[Result "1-0"]
[Round "2"]
[TimeControl "180+2"]
[Date "2023.07.18"]
[WhiteClock "0:00:58"]
[BlackClock "0:00:08"]
[Board "69"]

1. d4 Nf6 2. c4 b6 3. Nc3 Bb7 4. f3 d5 5. Bg5 h6 6. Bxf6 exf6 7. cxd5 Bxd5 8. e4 Bb7 9. a3 f5 10. Bb5+ Nd7 11. e5 a6 12. Bc4 Qh4+ 13. g3 Qg5 14. f4 Qg6 15. Nf3 O-O-O 16. Qe2 Qg4 17. Bxa6 Nb8 18. Bxb7+ Kxb7 19. Rd1 Be7 20. b4 h5 21. Kf2 h4 22. d5 g5 23. Qc4 hxg3+ 24. hxg3 gxf4 25. Qxf4 Qg6 26. Rxh8 Rxh8 27. d6 cxd6 28. exd6 Bf6 29. Nd5 Rc8 30. Qe3 Nd7 31. Ne7 Rc2+ 32. Rd2 Rxd2+ 33. Qxd2 Qh5 34. Qd5+ Ka6 35. Qa8+ Kb5 36. Qc6+ Ka6 37. Qa4+ Kb7 38. Qxd7+ Ka6 39. Qa4+ Kb7 40. Qc6+ Ka6 41. Qa8+ Kb5 42. Qd5+ Ka4 43. Qxf5 Qh6 44. Qc2+ Kxa3 45. Nd5 Bd4+ 46. Kg2 Be3 47. Qd3+ Ka4 48. Qxe3 Qxd6 49. Nxb6+ Kb5 50. Qc5+ Qxc5 51. bxc5 Kxc5 52. Nd7+ Kd6 53. Nde5 Ke6 54. Kf2 Kf5 55. Ke3 f6 56. g4+ Ke6 57. Ng6 Kf7 58. Ngh4 Kg7 59. Kf4 Kh6 60. Nf5+ Kg6 61. N3d4 Kh7 62. Nd6 Kg6 63. Ne4 Kf7 64. Nf5 Kg6 65. Ne7+ Kf7 66. Nd5 Kg6 67. Ndxf6 Kh6 68. Kf5 Kg7 69. g5 Kf7 70. g6+ Kg7 71. Nh5+ Kh6 72. g7 Kh7 73. Nef6+ Kh6 74. Ke6 Kg6 75. g8=Q+ Kh6 76. Qg7# 1-0


[Site "https://www.chess.com"]

[Event "Titled Tuesday Blitz July 18 Late 2023"]
[White "Vetoshko, Volodymyr"]
[Black "Uzcategui Rodriguez, Alejandro"]
[WhiteFideId "14122480"]
[BlackFideId "3903400"]
[WhiteElo "2683"]
[BlackElo "2426"]
[Result "1-0"]
[Round "2"]
[TimeControl "180+2"]
[Date "2023.07.18"]
[WhiteClock "0:00:22"]
[BlackClock "0:00:11"]
[Board "70"]

1. b3 Nf6 2. Bb2 e6 3. g3 d5 4. Bg2 c5 5. Nf3 Nc6 6. O-O Be7 7. d4 cxd4 8. Nxd4 O-O 9. Nxc6 bxc6 10. c4 Qb6 11. Qc2 a5 12. Nc3 Ba6 13. Na4 Qa7 14. Rfd1 Rfd8 15. e3 Rac8 16. c5 Nd7 17. Rac1 e5 18. f4 Bb5 19. fxe5 Bxa4 20. bxa4 Bxc5 21. Kh1 Bxe3 22. Rb1 Nf8 23. Rf1 Ne6 24. Rbd1 Bd4 25. Bxd4 Nxd4 26. Qf2 c5 27. Rb1 Qd7 28. Rb6 Ne6 29. Rd6 Qxa4 30. Qxf7+ 1-0


[Site "https://www.chess.com"]

[Event "Titled Tuesday Blitz July 18 Late 2023"]
[White "Seyhanoglu, Deniz"]
[Black "Boyer, Mahel"]
[WhiteFideId "6302572"]
[BlackFideId "45102422"]
[WhiteElo "2415"]
[BlackElo "2683"]
[Result "1/2-1/2"]
[Round "2"]
[TimeControl "180+2"]
[Date "2023.07.18"]
[WhiteClock "0:01:01"]
[BlackClock "0:02:24"]
[Board "71"]

1. e4 e6 2. d4 d5 3. Nd2 Be7 4. Ngf3 dxe4 5. Nxe4 Nf6 6. Nxf6+ Bxf6 7. g3 c5 8. Be3 Nc6 9. c3 cxd4 10. Nxd4 Nxd4 11. Bxd4 Bxd4 12. Qxd4 Qxd4 13. cxd4 Ke7 14. Bg2 Rd8 15. Rd1 Bd7 16. d5 Bb5 17. dxe6 Rxd1+ 18. Kxd1 Rd8+ 19. Kc2 Rc8+ 20. Kb3 Bc4+ 21. Ka3 Bxe6 22. Bxb7 Rc2 23. f4 h5 24. Re1 Kf6 25. h4 a5 26. Re3 Rd2 27. Bf3 g6 28. Bc6 Kf5 1/2-1/2


[Site "https://www.chess.com"]

[Event "Titled Tuesday Blitz July 18 Late 2023"]
[White "Olsen, Filip Boe"]
[Black "Wu, Sibo"]
[WhiteFideId "1440640"]
[BlackFideId "8606048"]
[WhiteElo "2676"]
[BlackElo "2409"]
[Result "0-1"]
[Round "2"]
[TimeControl "180+2"]
[Date "2023.07.18"]
[WhiteClock "0:00:04"]
[BlackClock "0:00:29"]
[Board "72"]

1. c4 c6 2. g3 d5 3. Nf3 Nf6 4. Bg2 Bf5 5. O-O h5 6. Qb3 Qc8 7. h4 e6 8. d3 Bd6 9. Bg5 Nbd7 10. Nbd2 O-O 11. Rac1 Rb8 12. Rfe1 Ng4 13. cxd5 exd5 14. e4 Nc5 15. Rxc5 Bxc5 16. d4 dxe4 17. dxc5 exf3 18. Nxf3 Re8 19. Rd1 Qe6 20. Qxe6 Bxe6 21. Bf4 Rbd8 22. Bd6 Bxa2 23. Nd4 Bc4 24. b3 Bd5 25. Bxd5 cxd5 26. Nf5 Re2 27. Rf1 Rde8 28. Bf4 Rb2 29. f3 Nf6 30. Nd6 Ree2 31. Rd1 Rxb3 32. Nxb7 Rxb7 33. c6 Rbb2 34. c7 Rbc2 35. Rb1 Kh7 36. Kf1 Rf2+ 37. Ke1 Rh2 38. Kd1 Rcg2 39. Bd2 Rxd2+ 40. Ke1 Rc2 41. Kd1 Rxc7 0-1


[Site "https://www.chess.com"]

[Event "Titled Tuesday Blitz July 18 Late 2023"]
[White "Garcia Cuenca, Victor"]
[Black "Adewumi, Tanitoluwa"]
[WhiteFideId "2250829"]
[BlackFideId "30966396"]
[WhiteElo "2398"]
[BlackElo "2674"]
[Result "1-0"]
[Round "2"]
[TimeControl "180+2"]
[Date "2023.07.18"]
[WhiteClock "0:00:36"]
[BlackClock "0:01:00"]
[Board "73"]

1. Nf3 Nf6 2. e3 g6 3. d4 Bg7 4. Be2 O-O 5. O-O d6 6. h3 Nc6 7. c4 e5 8. Nc3 Re8 9. b3 Bf5 10. Bb2 Ne4 11. Rc1 exd4 12. exd4 Bh6 13. Ra1 Bg7 14. Rc1 Qe7 15. Nd5 Qd8 16. b4 Be6 17. a3 Bxd5 18. cxd5 Ne7 19. Bc4 Nf6 20. Qb3 Qd7 21. a4 a6 22. b5 Qf5 23. g4 Qe4 24. Rce1 axb5 25. axb5 Qf4 26. Bc1 Nfxd5 27. Bxf4 Nxf4 28. Bxf7+ Kh8 29. Bxe8 Rxe8 30. Qf7 1-0


[Site "https://www.chess.com"]

[Event "Titled Tuesday Blitz July 18 Late 2023"]
[White "Bueno, Alfeu Junior Varela"]
[Black "Bjelobrk, Igor"]
[WhiteFideId "2108879"]
[BlackFideId "4300726"]
[WhiteElo "2398"]
[BlackElo "2667"]
[Result "1/2-1/2"]
[Round "2"]
[TimeControl "180+2"]
[Date "2023.07.18"]
[WhiteClock "0:00:51"]
[BlackClock "0:00:32"]
[Board "74"]

1. e4 e6 2. d4 d5 3. Nd2 c5 4. exd5 exd5 5. Bb5+ Nc6 6. Ngf3 cxd4 7. O-O Bd6 8. Nxd4 Bxh2+ 9. Kxh2 Qh4+ 10. Kg1 Qxd4 11. Qe2+ Ne7 12. Nf3 Qe4 13. Qd1 O-O 14. Bd3 Qg4 15. Re1 Bf5 16. Bg5 Be4 17. Bxe7 Nxe7 18. Bxe4 dxe4 19. Ne5 Qf5 20. Qd4 Rfe8 21. Qxe4 Qxe4 22. Rxe4 Nc6 23. Rae1 Nxe5 24. Rxe5 Rxe5 25. Rxe5 Kf8 26. Rc5 Re8 27. Rc7 Re7 28. Rc8+ Re8 29. Rc7 Re7 30. Rc8+ Re8 31. Rc7 1/2-1/2


[Site "https://www.chess.com"]

[Event "Titled Tuesday Blitz July 18 Late 2023"]
[White "Schnaider, Ilan"]
[Black "Silva Lucena, Cristian"]
[WhiteFideId "169013"]
[BlackFideId "2232588"]
[WhiteElo "2662"]
[BlackElo "2388"]
[Result "1/2-1/2"]
[Round "2"]
[TimeControl "180+2"]
[Date "2023.07.18"]
[WhiteClock "0:00:04"]
[BlackClock "0:00:06"]
[Board "75"]

1. e4 e5 2. Nf3 Nc6 3. Bc4 Nf6 4. d3 Bc5 5. c3 O-O 6. O-O d5 7. exd5 Nxd5 8. Re1 Nb6 9. Bb3 Bg4 10. h3 Bh5 11. Nbd2 Bd6 12. Ne4 h6 13. Ng3 Bg6 14. Be3 Kh7 15. h4 f5 16. h5 Be8 17. Bxb6 axb6 18. Nd2 Qh4 19. Bc2 Kh8 20. Nf3 Qg4 21. Nh2 Qh4 22. Nf3 Qf6 23. Qd2 Bf7 24. a4 Bd5 25. Nh2 Rad8 26. Bd1 e4 27. dxe4 fxe4 28. Ng4 Qf7 29. Qc2 Bc5 30. Ne3 Bxe3 31. Rxe3 Ne5 32. Nxe4 Bxe4 33. Rxe4 Nd3 34. Bf3 Nc5 35. Rg4 Nd3 36. Rg3 Ne5 37. Re1 Qf4 38. Re4 Qf5 39. Qe2 Nxf3+ 40. Rxf3 Qd5 41. Rxf8+ Rxf8 42. Re8 Qf7 43. Rxf8+ Qxf8 44. b4 Qf7 45. g3 Qf5 46. Qe8+ Kh7 47. Kg2 Qd5+ 48. Kh2 Qf5 49. Qe2 Qf6 50. Qc2+ Kh8 51. f4 Qf7 52. Qe2 Kh7 53. Qe4+ Kh8 54. Qe2 Qb3 55. a5 bxa5 56. bxa5 Qxc3 57. Qe8+ Kh7 58. Qg6+ Kh8 59. Qe8+ Kh7 60. Qe4+ Kh8 61. Qxb7 Qxa5 62. Qf3 Qd2+ 63. Kh3 Qd7+ 64. g4 c5 65. Qe4 Qc8 66. Qc4 Qc7 67. Kg3 Qd6 68. Kh4 Qe7+ 69. Kh3 Qe3+ 70. Kg2 Qd2+ 71. Kh3 Qb4 72. Qf7 Qc3+ 73. Kh4 Qf6+ 74. Qxf6 gxf6 75. Kg3 Kg7 76. Kf3 Kf7 77. Ke4 Ke6 78. Kd3 Kd5 79. g5 fxg5 80. fxg5 Ke6 81. gxh6 Kf7 82. Kc4 Kg8 83. Kxc5 Kh7 84. Kd5 Kxh6 85. Ke5 Kxh5 1/2-1/2


[Site "https://www.chess.com"]

[Event "Titled Tuesday Blitz July 18 Late 2023"]
[White "EsmeraldasAnderson03"]
[Black "Amburgy, Ryan"]
[BlackFideId "30924820"]
[WhiteElo "2385"]
[BlackElo "2661"]
[Result "0-1"]
[Round "2"]
[TimeControl "180+2"]
[Date "2023.07.18"]
[WhiteClock "0:00:00"]
[BlackClock "0:00:34"]
[Board "76"]

1. d4 Nf6 2. Nf3 d5 3. c4 e6 4. cxd5 exd5 5. Nc3 c6 6. Bg5 Bf5 7. e3 Be7 8. Bd3 Bxd3 9. Qxd3 O-O 10. O-O Nbd7 11. Rab1 a5 12. Rfc1 Re8 13. a3 Bd6 14. Qc2 h6 15. Bh4 Qe7 16. Qb3 b5 17. Ne2 Rec8 18. Rc2 Nb6 19. Qd3 Nc4 20. Nd2 Qe6 21. Bg3 Ne4 22. Nxe4 dxe4 23. Qd1 Be7 24. d5 Qxd5 25. Qxd5 cxd5 26. Nc3 Rc5 27. Rd1 Nxb2 28. Rxb2 Rxc3 29. Rxb5 Bxa3 30. h3 a4 31. Be5 Rc2 32. Rdxd5 Be7 33. Rd7 Rc5 34. Rxc5 Bxc5 35. Bd4 Bxd4 36. Rxd4 a3 37. Rd1 a2 38. Ra1 Rb8 39. Kf1 Rb1+ 0-1


[Site "https://www.chess.com"]

[Event "Titled Tuesday Blitz July 18 Late 2023"]
[White "Alex_Sahakyan2006"]
[Black "Villarreal, Agustin"]
[BlackFideId "125687"]
[WhiteElo "2660"]
[BlackElo "2373"]
[Result "1-0"]
[Round "2"]
[TimeControl "180+2"]
[Date "2023.07.18"]
[WhiteClock "0:00:04"]
[BlackClock "0:00:14"]
[Board "77"]

1. e4 e5 2. Nf3 Nc6 3. Bb5 a6 4. Ba4 Nf6 5. O-O Be7 6. d3 b5 7. Bb3 O-O 8. a4 Rb8 9. axb5 axb5 10. Nc3 d6 11. h3 h6 12. Be3 Re8 13. Nd5 Bf8 14. c3 Be6 15. Ra6 Bxd5 16. exd5 Ne7 17. c4 Qc8 18. Ra7 Nf5 19. Nd2 c6 20. dxc6 Nxe3 21. fxe3 Qxc6 22. cxb5 Qb6 23. Rxf7 Qxe3+ 24. Kh1 d5 25. R1xf6 gxf6 26. Bxd5 Kh8 27. Ne4 Bg7 28. Nd6 Red8 29. Nf5 Qf4 30. Be6 Rbc8 31. g3 Qc1 32. Qxc1 Rxc1+ 33. Kg2 Bf8 34. Bc4 Rc2+ 35. Kf3 Rxb2 36. Ke4 Re2+ 37. Kf3 Rd2 38. Rxf6 R2xd3+ 39. Bxd3 Rxd3+ 40. Ke4 Rd8 41. b6 Rb8 42. Kd5 e4 43. Kxe4 Bc5 44. Rxh6+ Kg8 45. Rc6 Bxb6 46. g4 Re8+ 47. Kf4 Bd8 48. h4 Re1 49. Rc8 Re8 50. Rc6 Re1 51. h5 Rf1+ 52. Kg3 Kf7 53. Ra6 Bg5 54. Ra7+ Kf6 55. Ra6+ Kf7 56. h6 Rg1+ 57. Kf3 Rh1 58. Kg2 Re1 59. Ra7+ Kf6 60. h7 Re8 61. Ra6+ Kf7 62. Nd6+ Kg7 63. Nxe8+ Kxh7 64. Kf3 Bh4 65. Ke4 Bf6 66. Kf5 Be7 67. g5 Bf8 68. Ra7+ Kg8 69. Nf6+ Kh8 70. Rh7# 1-0


[Site "https://www.chess.com"]

[Event "Titled Tuesday Blitz July 18 Late 2023"]
[White "Bogaudinov, Rushan"]
[Black "Karttunen, Mika"]
[WhiteFideId "4129288"]
[BlackFideId "502081"]
[WhiteElo "2367"]
[BlackElo "2652"]
[Result "0-1"]
[Round "2"]
[TimeControl "180+2"]
[Date "2023.07.18"]
[WhiteClock "0:00:12"]
[BlackClock "0:00:17"]
[Board "78"]

1. d4 Nf6 2. Nf3 g6 3. g3 Bg7 4. Bg2 O-O 5. O-O d6 6. c4 c6 7. Nc3 Bf5 8. Re1 Ne4 9. Qb3 Qb6 10. e3 Qxb3 11. axb3 Nxc3 12. bxc3 Be4 13. b4 Nd7 14. Nd2 Bxg2 15. Kxg2 c5 16. bxc5 dxc5 17. Ba3 Rfc8 18. Ne4 b6 19. Rac1 f5 20. Ng5 Bf6 21. Nf3 e5 22. h4 e4 23. Nd2 Rc7 24. f3 exf3+ 25. Kxf3 Rac8 26. Rh1 h5 27. Rcd1 Bg7 28. Bb2 Nf6 29. Rhe1 Re7 30. Re2 Ne4 31. Nxe4 Rxe4 32. Ra1 a5 33. Rb1 cxd4 34. cxd4 Rxc4 35. Ba3 Rc3 36. Bc1 Bxd4 37. Bd2 Rd3 38. Rb5 Bxe3 39. Bxe3 a4 40. Rxb6 a3 41. Rxg6+ Kf7 42. Rg5 Ke6 43. Rxh5 Ra4 44. Rh6+ Kd5 45. Ra2 Re4 46. Re2 Ra4 47. Rh5 a2 48. Re1 a1=Q 49. Rxf5+ Ke6 50. Rxa1 Rxa1 51. Rf4 Raa3 52. Re4+ Kf7 53. h5 Rd5 54. h6 Kg6 55. Re6+ Kf7 56. Re4 Rd6 57. g4 Rxh6 58. g5 Rh3+ 59. Kg4 Rhxe3 60. Rf4+ Kg7 61. Rf6 Re4+ 62. Kf5 Re7 63. Rd6 Rf7+ 64. Kg4 Ra4+ 65. Kh5 Re7 66. Rg6+ Kf7 67. Rf6+ Ke8 68. Kg6 Rae4 69. Rf4 Rxf4 0-1


[Site "https://www.chess.com"]

[Event "Titled Tuesday Blitz July 18 Late 2023"]
[White "Lamaze, Simon"]
[Black "Storn, Justin"]
[WhiteFideId "36069264"]
[BlackFideId "30922720"]
[WhiteElo "2652"]
[BlackElo "2364"]
[Result "1-0"]
[Round "2"]
[TimeControl "180+2"]
[Date "2023.07.18"]
[WhiteClock "0:01:05"]
[BlackClock "0:00:00"]
[Board "79"]

1. c4 e5 2. g3 Nc6 3. Bg2 Bc5 4. Nc3 a6 5. e3 d6 6. Nge2 Ba7 7. O-O h5 8. b4 h4 9. d4 hxg3 10. fxg3 Bg4 11. c5 exd4 12. exd4 dxc5 13. bxc5 Nf6 14. Be3 Qe7 15. Bf2 Kf8 16. Rb1 Rb8 17. Qd3 Nd7 18. Nf4 Kg8 19. Ncd5 Qg5 20. Nxc7 Bf5 21. Qc4 Bxb1 22. Rxb1 Qh6 23. h4 g5 24. hxg5 Qxg5 25. Bd5 Kg7 26. Bxf7 Rbf8 27. Nce6+ 1-0


[Site "https://www.chess.com"]

[Event "Titled Tuesday Blitz July 18 Late 2023"]
[White "Prieto Aranguren, Alain"]
[Black "Begmuratov, Alisher"]
[WhiteFideId "2268906"]
[BlackFideId "14203367"]
[WhiteElo "2363"]
[BlackElo "2651"]
[Result "0-1"]
[Round "2"]
[TimeControl "180+2"]
[Date "2023.07.18"]
[WhiteClock "0:00:00"]
[BlackClock "0:00:19"]
[Board "80"]

1. e4 c6 2. d4 d5 3. Nc3 dxe4 4. Nxe4 Nf6 5. Ng5 h6 6. N5f3 e6 7. c3 Be7 8. Bd3 O-O 9. Ne2 Nbd7 10. O-O b6 11. Qc2 Bb7 12. Rd1 Qc7 13. Bf4 Bd6 14. Bxd6 Qxd6 15. Ng3 c5 16. dxc5 Qxc5 17. Ne4 Qc7 18. Rd2 Rfd8 19. Rad1 Rac8 20. h3 Bxe4 21. Bxe4 Nc5 22. Bd3 Rd7 23. Bb5 Rdd8 24. Nd4 Rd6 25. Be2 Qd7 26. Nb5 Rxd2 27. Rxd2 Qe7 28. Bf3 a6 29. Nd4 Qc7 30. Nb3 Ncd7 31. Qd1 Ne5 32. Be2 a5 33. Nd4 Ne4 34. Nb5 Qe7 35. Rc2 Rd8 36. Qe1 Qg5 37. Nd4 Nc5 38. Nf3 Nxf3+ 39. Bxf3 Nd3 40. Qd2 Nf4 41. Qe3 Rd3 42. Qe4 Nxh3+ 43. Kh2 Nf4 44. Qa8+ Rd8 45. Qe4 Qh4+ 46. Kg1 f5 47. Qc6 Qg5 0-1


[Site "https://www.chess.com"]